 Dungeon Crawl Stone Soup version 0.31-a0-1308-ga3cce3a448 (webtiles) character file.

Game seed: 11206714370456446239

508469 iguanaiguana the Cloud Mage (level 23, -7/201 HPs)
             Began as a Demigod Venom Mage on Dec 15, 2023.
             Mangled by a spriggan berserker
             ... wielding a +3 quarterstaff
              (43 damage)
             ... on level 3 of the Depths on Dec 20, 2023.
             The game lasted 05:39:15 (72560 turns).

iguanaiguana the Cloud Mage (Demigod Venom Mage)   Turns: 72560, Time: 05:39:16

Health: -7/201     AC: 29    Str: 23    XL:     23   Next: 15%
Magic:  34/44      EV: 15    Int: 45    God:
Gold:   1759       SH:  8    Dex: 16    Spells: 13/46 levels left

rFire   + + +        b - staff of air
rCold   + . .        W - +2 buckler
rNeg    + . .        h - +4 pearl dragon scales
rPois   +            V - +2 hat {Will+}
rElec   +            U - scarf {rC+ rF+}
rCorr   .            T - +2 pair of gloves of Gapoci {Harm Rampage rF++ Int+2}
SInv    .            z - +1 pair of boots of Shielding {rPois Dex+2}
Will    +++..        Y - amulet of magic regeneration
Stlth   +            J - +6 ring of strength
HPRegen 0.53/turn    Z - +6 ring of intelligence
MPRegen 0.69/turn

%: harm (+30% outgoing, +20% incoming), rampage
@: no status effects
A: high MP 1, forlorn, divine attributes
}: 2/15 runes: barnacled, gossamer
a: no special abilities


You were on level 3 of the Depths.
You visited 8 branches of the dungeon, and saw 41 of its levels.
You visited the Abyss 1 time.
You visited 2 bazaars.
You also visited: Sewer, Gauntlet and Ice Cave.

You collected 6640 gold pieces.
You spent 4881 gold pieces at shops.

Inventory:

Hand Weapons
 a - a +5 eveningstar of flaming
Missiles
 F - 8 throwing nets
 P - 11 silver javelins
Armour
 h - +4 pearl dragon scales (worn)
 z - the +1 pair of boots of Shielding (worn) {rPois Dex+2}
   (You found it in a Gauntlet)

   Dex+2:     It affects your dexterity (+2).
   rPois:     It protects you from poison
 T - the +2 pair of gloves of Gapoci (worn) {Harm Rampage rF++ Int+2}
   (You found it in a Gauntlet)

   Int+2:     It affects your intelligence (+2).
   rF++:      It greatly protects you from fire.
   Harm:      It increases damage dealt and taken.
   Rampage:   It bestows one free step when moving towards enemies.
 U - a scarf of resistance (worn)
 V - a +2 hat of willpower (worn)
 W - a +2 buckler (worn)
Magical Staves
 b - a staff of air (weapon)
Jewellery
 e - a ring of protection from cold
 l - a ring of willpower
 m - a ring of wizardry
 o - a ring of resist corrosion
 t - a ring of see invisible
 E - the ring of Fagek {Fly Int+3 Dex+4}
   (You found it in a Gauntlet)

   [ring of flight]

   Int+3:     It affects your intelligence (+3).
   Dex+4:     It affects your dexterity (+4).
   Fly:       It grants you flight.
 J - a +6 ring of strength (left hand)
 Y - an amulet of magic regeneration (around neck)
 Z - a +6 ring of intelligence (right hand)
Wands
 p - a wand of charming (21)
 v - a wand of iceblast (62) {@v2}
 B - a wand of digging (12) {@v3}
 L - a wand of light (7)
Scrolls
 c - 4 scrolls of torment
 d - 3 scrolls of summoning
 i - 4 scrolls of vulnerability
 j - 6 scrolls of fear
 k - 8 scrolls of blinking {@r4}
 n - 11 scrolls of teleportation {@r3}
 r - 7 scrolls of immolation
 s - 3 scrolls of revelation
 y - 4 scrolls of silence
 G - 10 scrolls of poison
 I - 5 scrolls of fog
Potions
 g - 10 potions of might {@q3}
 q - 4 potions of enlightenment
 w - 10 potions of mutation
 x - 19 potions of curing {@q1}
 A - 7 potions of haste {@q4}
 K - 5 potions of brilliance
 M - 3 potions of attraction
 N - 4 potions of resistance {@q5}
 O - 10 potions of heal wounds {@q2}
 Q - 2 potions of cancellation
 R - 2 potions of ambrosia
 S - 2 potions of lignification
 X - 4 potions of magic
Miscellaneous
 f - a box of beasts
 u - a condenser vane
 C - a phial of floods
 D - a lightning rod (4/4)
 H - a phantom mirror


   Skills:
 + Level 15.8 Fighting
 - Level 8.0 Maces & Flails
 - Level 14.7 Armour
 - Level 10.7 Dodging
 - Level 4.0 Stealth
 - Level 6.0 Shields
 - Level 12.0 Spellcasting
 - Level 12.1 Conjurations
 - Level 6.0 Summonings
 - Level 2.0 Translocations
 - Level 0.8 Transmutations
 - Level 10.0 Fire Magic
 - Level 10.0 Ice Magic
 - Level 22.0 Air Magic
 - Level 6.0 Poison Magic
 - Level 8.0 Evocations


You had 13 spell levels left.
You knew the following spells:

 Your Spells              Type           Power      Damage    Failure   Level
a - Arcjolt               Conj/Air       67%        1d77      1%          5
b - Freezing Cloud        Conj/Ice/Air   63%        6-21      1%          5
c - Maxwell's Capacitive  Air            73%        ∞         1%          8
d - Olgreb's Toxic Radia  Pois           69%        N/A       2%          4
g - Blink                 Tloc           90%        N/A       1%          2
h - Plasma Beam           Fire/Air       65%        2x1d81    1%          6
i - Swiftness             Air            100%       N/A       0%          3

Your spell library contained the following spells:

 Spells                   Type           Power      Damage    Failure   Level
 Shock                    Conj/Air       100%       1d9       0%          1
 Poisonous Vapours        Pois/Air       100%       N/A       0%          2
 Static Discharge         Conj/Air       100%       3-8/arc   0%          2
 Airstrike                Air            73%        2d(11-27) 0%          4
 Apportation              Tloc           90%        N/A       1%          1
 Kiss of Death            Conj/Necr      100%       2d13      1%          1
 Sting                    Tmut/Pois      100%       1d8       1%          1
 Summon Small Mammal      Summ           100%       N/A       1%          1
 Cigotuvi's Dreadful Rot  Necr/Pois/Air  100%       N/A       1%          2
 Ensorcelled Hibernation  Hex/Ice        100%       N/A       1%          2
 Lesser Beckoning         Tloc           90%        N/A       1%          2
 Momentum Strike          Conj/Tloc      100%       3d10      1%          2
 Scorch                   Fire           100%       2d9       1%          2
 Call Canine Familiar     Summ           69%        N/A       1%          3
 Dazzling Flash           Conj/Hex       100%       N/A       1%          3
 Frozen Ramparts          Ice            100%       1d16      1%          3
 Hailstorm                Conj/Ice       91%        3d15      1%          3
 Mephitic Cloud           Conj/Pois/Air  100%       N/A       1%          3
 Ozocubu's Armour         Ice            86%        N/A       1%          3
 Stone Arrow              Conj/Erth      100%       3d13      1%          3
 Flame Wave               Conj/Fire      91%        2d19      1%          4
 Iskenderun's Mystic Bla  Conj/Tloc      74%        2d15      1%          4
 Summon Ice Beast         Ice/Summ       78%        N/A       1%          4
 Summon Lightning Spire   Summ/Air       100%       N/A       1%          4
 Vhi's Electric Charge    Tloc/Air       100%       N/A       1%          4
 Fireball                 Conj/Fire      45%        3d18      1%          5
 Iskenderun's Battlesphe  Conj           94%        2d14      1%          5
 Silence                  Hex/Air        56%        N/A       1%          5
 Conjure Ball Lightning   Conj/Air       67%        3x3d25    1%          6
 Necrotise                Necr           100%       1d9       2%          1
 Sandblast                Erth           54%        2d13      2%          1
 Slow                     Hex            100%       N/A       2%          1
 Summon Guardian Golem    Hex/Summ       52%        N/A       2%          3
 Brom's Barrelling Bould  Conj/Erth      69%        2d8       2%          4
 Passwall                 Tmut/Erth      25%        N/A       3%          2
 Gell's Gravitas          Tloc           45%        N/A       3%          3
 Teleport Other           Tloc           45%        N/A       3%          3
 Jinxbite                 Hex            54%        N/A       4%          2
 Confusing Touch          Hex            27%        N/A       8%          3
 Sigil of Binding         Hex            27%        N/A       8%          3
 Tukima's Dance           Hex            27%        N/A       8%          3
 Vampiric Draining        Necr           27%        2d7       8%          3
 Animate Armour           Summ/Erth      100%       N/A       8%          4
 Metabolic Englaciation   Hex/Ice        32%        N/A       10%         5
 Manifold Assault         Tloc           45%        N/A       12%         4
 Passage of Golubria      Tloc           45%        N/A       12%         4
 Summon Forest            Summ/Tloc      29%        N/A       14%         5
 Orb of Destruction       Conj           47%        9d12      16%         7
 Dimensional Bullseye     Hex/Tloc       18%        N/A       17%         4
 Alistair's Intoxication  Tmut/Pois      36%        N/A       19%         5
 Leda's Liquefaction      Tmut/Erth      15%        N/A       22%         4
 Petrify                  Tmut/Erth      30%        N/A       22%         4
 Summon Mana Viper        Hex/Summ       52%        N/A       22%         5
 Anguish                  Hex/Necr       13%        N/A       26%         4
 Animate Dead             Necr           27%        N/A       26%         4
 Cause Fear               Hex            13%        N/A       26%         4
 Dispel Undead            Necr           27%        3d13      26%         4
 Bombard                  Conj/Erth      34%        9d6       34%         6
 Summon Cactus Giant      Summ           34%        N/A       34%         6
 Simulacrum               Ice/Necr       32%        N/A       45%         6
 Spellforged Servitor     Conj/Summ      41%        N/A       50%         7
 Yara's Violent Unravell  Hex/Tmut       15%        3d8       52%         5
 Agony                    Necr           27%        N/A       58%         5
 Borgnjor's Vile Clutch   Necr/Erth      13%        N/A       58%         5
 Dispersal                Tloc           22%        N/A       87%         6
 Monstrous Menagerie      Summ           34%        N/A       88%         7
 Chain Lightning          Conj/Air       67%        3d89      94%         9
 Ignition                 Fire           43%        3d12      96%         8
 Death Channel            Necr           13%        N/A       99%         6
 Malign Gateway           Summ/Tloc      29%        N/A       99%         7
 Enfeeble                 Hex            13%        N/A       100%        7
 Haunt                    Necr/Summ      26%        N/A       100%        7
 Discord                  Hex            13%        N/A       100%        8
 Lehudib's Crystal Spear  Conj/Erth      34%        10d9      100%        8
 Dragon's Call            Summ           34%        N/A       100%        9
 Fire Storm               Conj/Fire      45%        8d12      100%        9
 Shatter                  Erth           13%        3d14*     100%        9


Dungeon Overview and Level Annotations

Branches:
Dungeon (15/15) Zot: 24281  Temple (0/1) D:4            Lair (5/5) D:9 Zot: 19521
 Shoals (4/4) Lair:2 Zot: 18213  Spider (4/4) Lair:3 Zot: 16796   Slime (0/5) Lair:5
    Orc (2/2) D:12 Zot: 8096     Elf (3/3) Orc:2 Zot: 12873  Vaults (4/5) D:14 Zot: 15553
  Crypt (0/3) Vaults:3     Depths (4/4) D:15 Zot: 16422   Sewer (visited)
  IceCv (visited)         Gauntlet (visited)
    Zot: Depths:4

Shops:
D:2 *   D:7 [   D:9 =   Orc:2 [=*:   Elf:2 =**[   Shoals:2 *   Shoals:3 ([
Shoals:4 ?   Depths:4 =:

Portals:
Hell: Depths:1* Depths:2 Depths:3 Depths:4
Abyss: Depths:3
Pandemonium: Depths:2
Ziggurat: Depths:1
Trove: Elf:2 (give +4 ice dragon scales)

Annotations:
D:6 exclusion: upstairs
Lair:4 1 runed translucent door, exclusion: downstairs, Coer's ghost, journeyman DgDe
Spider:1 exclusion: downstairs
Spider:2 2 transporters, Fogaerej's ghost, adept AtBe; Luyduwku's ghost, journeyman FeSh
Spider:4 exclusion: upstairs
Elf:2 5 runed translucent doors, exclusion: 5 doors
Vaults:3 2 runed translucent doors, Cexaud's ghost, adept DjCK; Woitib's ghost, adept GrFE


Innate Abilities, Weirdness & Mutations

You have an increased reservoir of magic. (+10% MP)
You shall have no god before yourself.
Your divine heritage dramatically boosts your attributes as you level up.


Message History

Confirm with . or Enter, or press ? or * to list all spells.
You feel a surge of power!
You begin accumulating electric charge. (Press Numpad 5 to continue charging.)
You feel charge building up...
The yaktaur captain shoots a bolt.
The bolt hits you! The bolt burns you.
You feel charge building up...
The yaktaur captain shoots a bolt.
You feel charge building up...
The yaktaur captain shoots a bolt.
The bolt hits you!!
The electricity discharges through the yaktaur captain!!!!
The yaktaur captain vaporises in an electric haze!
You kill the yaktaur captain!
You see here a +0 halberd.
You start resting.
A spriggan berserker comes into view. It is wielding a +3 quarterstaff.
A spriggan berserker is nearby!
A deep troll comes into view.
The deep troll shouts!
The spriggan berserker mumbles some strange prayers to Trog.
The spriggan berserker goes berserk!
The spriggan berserker hits you with a +3 quarterstaff!!
* * * LOW HITPOINT WARNING * * *
There is a stone staircase leading up, spattered with blood here.
You climb upwards.
There is a stone staircase leading down here.
Casting: Maxwell's Capacitive Coupling (dangerous; 1% risk of failure)
Confirm with . or Enter, or press ? or * to list all spells.
You blink.
Casting: Blink (safe; 1% risk of failure)
Confirm with . or Enter, or press ? or * to list all spells.
You feel a surge of power!
You begin accumulating electric charge. (Press Numpad 5 to continue charging.)
You feel charge building up...
The spriggan berserker rages.
You feel charge building up...
You feel ready to blink again.
You feel charge building up...
The spriggan berserker hits you with a +3 quarterstaff!!!
* * * LOW HITPOINT WARNING * * *
The spriggan berserker hits you with a +3 quarterstaff!!!
You die...

..............#
..............#
.............##
.............##
............^.#
...[....^.#...####
....<....###.....#######
.........###...........#
..........##...i@..#####
................####
..###.....>.....#
..###...........##
.......[.........#
.................#####
..................##.#
...........=.........#
....................##


You could see a spriggan berserker (berserk).

Vanquished Creatures
  A juggernaut (Depths:3)
  Margery (Depths:3)
  6 caustic shrikes
  2 golden dragons
  A bone dragon (Depths:4)
  Arachne (Spider:2)
  2 doom hounds (Depths:2)
  2 hellephants
  Jorgrun (D:12)
  4 tentacled monstrosities
  Zenata (Vaults:1)
  A walking frostbound tome (Depths:3)
  Grunn (Depths:2)
  4 liches
  Asterion (Vaults:1)
  2 deep elf master archers (Elf:3)
  A deep elf blademaster (Elf:3)
  The ghost of Konionua the Bewitcher, an adept KoEn of Dithmenos (Vaults:4)
  3 sphinxes
  6 krakens
  Gastronok (Lair:3)
  Frances (D:13)
  2 shadow dragons (Depths:3)
  9 tengu reavers
  Roxanne (D:14)
  4 storm dragons
  Donald (Spider:1)
  Aizul (Depths:1)
  A revenant (Vaults:3)
  3 frost giants
  7 emperor scorpions
  2 iron dragons (Depths:3)
  6 fire giants
  12 vault wardens
  8 deep elf sorcerers
  2 deep elf elementalists (Elf:3)
  A ghost moth (Spider:4)
  Louise (Spider:1)
  14 ironbound preservers
  4 spriggan defenders
  3 war gargoyles
  21 very ugly things
  8 stone giants
  7 ironbound thunderhulks
  3 vampire knights
  2 orc warlords (Vaults:1)
  A black draconian (Depths:4)
  7 deep elf death magi
  A minotaur (Gauntlet)
  Azrael (D:14)
  8 deep elf annihilators (Elf:3)
  5 deep elf demonologists
  18 spark wasps
  21 dire elephants
  A red draconian (Depths:4)
  8 merfolk javelineers
  Snorg (D:14)
  2 eidola (Vaults:3)
  A crystal guardian (Vaults:4)
  6 ettins
  3 merfolk impalers
  9 entropy weavers
  6 fire dragons
  Josephine (Shoals:1)
  3 deep elf high priests
  10 great orbs of eyes
  10 yaktaur captains
  4 peacekeepers
  8 hydras
  10 ice dragons
  4 rakshasas
  28 vault guards
  A sphinx zombie (Vaults:3)
  3 merfolk avatars (Shoals:3)
  A spriggan air mage (Depths:3)
  8 centaur warriors
  An ogre mage (Vaults:4)
  6 two-headed ogres
  2 radroaches
  11 ironbound frosthearts
  An alligator snapping turtle (Shoals:4)
  8 merfolk aquamancers
  4 boulder beetles
  12 dancing weapons
  4 satyrs (Shoals:3)
  2 death knights (Vaults:3)
  Urug (Lair:3)
  4 demonic crawlers
  11 tengu warriors
  2 death yaks (Lair:5)
  3 deep troll earth magi
  4 hell hogs
  An occultist (Depths:2)
  6 deep troll shamans
  4 vampire magi
  6 orc high priests (Orc:2)
  4 sun demons
  A soul eater (Depths:4)
  13 hell knights
  6 deep elf knights
  A titan skeleton (Vaults:3)
  8 pharaoh ants
  Amaemon (D:8)
  A sea snake (shapeshifter) (Depths:2)
  4 skysharks
  A sun moth (Spider:4)
  4 iron trolls
  A skeletal warrior (D:13)
  A storm dragon skeleton (Depths:2)
  A flayed ghost (Depths:3)
  3 glowing orange brains
  11 orb spiders
  47 deep trolls
  10 sea snakes
  19 deep elf archers
  8 steelbarb worms
  3 necromancers
  A spriggan simulacrum (Depths:2)
  16 ironbound convokers
  11 lindwurms
  25 deep elf pyromancers
  A lindwurm (shapeshifter) (Elf:1)
  5 arcanists
  21 orc knights
  A fire giant zombie (Vaults:3)
  3 harpies (Shoals:1)
  18 deep elf zephyrmancers
  38 ugly things
  An oklob plant (Lair:4)
  22 wolf spiders
  4 orc sorcerers
  8 cyclopes
  2 fauns (Shoals:3)
  13 manticores
  2 shining eyes (shapeshifter)
  A tengu skeleton (Depths:2)
  3 salamanders
  A manticore (shapeshifter) (Elf:2)
  4 moths of wrath
  5 elephants
  4 black mambas
  12 merfolk sirens
  An elf zombie (Vaults:3)
  2 kobold blastminers
  8 water nymphs
  2 ice statues (IceCv)
  4 smoke demons
  9 torpor snails
  18 vault sentinels
  A torpor snail (shapeshifter) (Depths:2)
  An orange demon (D:8)
  4 rime drakes
  8 cane toads
  5 gargoyles
  2 kobold demonologists
  8 unseen horrors
  22 yaktaurs
  7 komodo dragons
  A hellion (Depths:1)
  Jeremiah (D:8)
  An efreet (D:12)
  A tengu conjurer (Depths:3)
  11 trolls
  10 meliai
  2 polar bears
  4 tyrant leeches (Lair:5)
  45 merfolk
  24 tarantellas
  10 wind drakes
  19 hornets
  10 snapping turtles
  A glass eye (Depths:3)
  8 dream sheep
  3 blink frogs (Lair:4)
  21 jumping spiders
  Sigmund (D:3)
  4 centaur simulacra
  51 slime creatures
  10 water elementals
  24 culicivoras
  10 spriggans
  3 air elementals
  10 wyverns
  6 basilisks
  36 yaks
  9 fire elementals
  A hog (Lair:4)
  5 wraiths
  A human (D:14)
  A death yak simulacrum (IceCv)
  2 fire bats (Gauntlet)
  8 vampire mosquitoes
  68 redbacks
  5 wargs
  Menkaure (D:7)
  2 hell hounds (Gauntlet)
  4 acid dragons
  10 water moccasins
  33 orc warriors
  A sky beast (D:6)
  4 ice beasts
  2 black bears
  5 boggarts
  A human zombie (Vaults:3)
  12 centaurs
  21 wolves
  4 ogres
  3 phantoms
  A kobold brigand (D:9)
  A brain worm (Sewer)
  8 bullfrogs
  2 gnoll sergeants
  4 earth elementals
  A cane toad simulacrum (IceCv)
  7 scorpions
  3 wights (D:7)
  9 killer bees
  3 spriggan skeletons (D:10)
  A troll skeleton (D:10)
  7 electric eels
  6 howler monkeys
  5 hounds
  28 orc priests
  2 gnoll boudas
  A sleepcap (D:4)
  3 iguanas
  15 orc wizards
  17 hell rats (Lair:5)
  A polar bear simulacrum (IceCv)
  23 gnolls
  6 adders
  3 river rats
  A shadow imp (D:6)
  13 white imps
  4 worms
  4 dart slugs
  74 orcs
  14 ball pythons
  9 endoplasms
  6 giant cockroaches
  6 goblins
  4 hobgoblins
  4 jackals
  3 quokkas
  9 bats
  3 frilled lizards
  7 kobolds
  5 rats
  2 tentacles (Shoals:3)
1777 creatures vanquished.

Vanquished Creatures (collateral kills)
  Kirke (Lair:4)
  A vault warden (Vaults:2)
  2 emperor scorpions
  An ironbound thunderhulk (Vaults:2)
  2 very ugly things (Depths:2)
  An ice dragon (Lair:5)
  4 hydras
  2 vault guards
  A two-headed ogre (D:11)
  2 demonic crawlers
  An orc high priest (Orc:2)
  2 skysharks (Lair:5)
  A pharaoh ant (Spider:4)
  2 skeletal warriors (D:13)
  A sea snake (Shoals:3)
  A lindwurm (Lair:5)
  A necromancer (Vaults:3)
  An orc knight (Orc:2)
  2 elephants (Lair:5)
  2 wolf spiders
  A cyclops (D:15)
  A black mamba (Lair:1)
  An unseen horror (D:12)
  3 cane toads
  3 rime drakes
  A komodo dragon (Lair:3)
  A merfolk (Shoals:2)
  2 hornets
  3 trolls
  A polar bear (Lair:2)
  2 blink frogs (Lair:4)
  4 dream sheep (Lair:4)
  A jumping spider (Spider:1)
  A wraith (D:10)
  8 slime creatures
  5 spriggans (Lair:3)
  2 culicivoras (Spider:1)
  4 yaks
  A vampire (D:13)
  3 hogs (Lair:4)
  3 wyverns
  5 basilisks
  2 vampire mosquitoes
  A warg (Orc:1)
  3 redbacks
  An acid dragon (D:12)
  A hell hound (Lair:5)
  8 water moccasins
  2 orc warriors
  2 ogres
  2 spriggan skeletons (D:10)
  An orc priest (Orc:1)
  2 orc wizards
  A wolf simulacrum (IceCv)
  3 orcs
116 creatures vanquished.

Vanquished Creatures (others)
  A doom hound (Depths:2)
  A very ugly thing (Depths:2)
  A deep elf pyromancer (Elf:3)
  A deep elf zephyrmancer (Elf:3)
  21 tentacles
25 creatures vanquished.

Grand Total: 1918 creatures vanquished

Notes
Turn   | Place    | Note
-------+----------+-------------------------------------------
     0 | D:1      | iguanaiguana the Demigod Venom Mage began the quest for the
                  | Orb.
     0 | D:1      | Reached XP level 1. HP: 14/14 MP: 5/5
   335 | D:1      | Reached XP level 2. HP: 20/20 MP: 2/7
   477 | D:1      | Learned a level 2 spell: Poisonous Vapours
  1208 | D:2      | Found Nahudghi's Assorted Antiques.
  1320 | D:2      | Reached XP level 3. HP: 24/26 MP: 2/8
  2088 | D:3      | Reached skill level 1 in Air Magic
  2421 | D:3      | Noticed Sigmund
  2551 | D:3      | Reached XP level 4. HP: 33/33 MP: 3/9
  2795 | D:3      | Reached skill level 2 in Air Magic
  2799 | D:3      | Learned a level 3 spell: Mephitic Cloud
  3309 | D:2      | Bought a tiny diamond amulet for 120 gold pieces
  3546 | D:4      | Noticed a phantom
  3567 | D:4      | Found a staircase to the Ecumenical Temple.
  3568 | D:4      | Noticed a phantom
  3576 | D:4      | You fall into a shaft and drop 2 floors!
  3589 | D:6      | Noticed a bullfrog
  3603 | D:6      | Killed a bullfrog
  3604 | D:6      | Reached XP level 5. HP: 19/38 MP: 0/10
  3806 | D:6      | Found a glowing drain.
  3841 | Sewer    | Entered a sewer
  4239 | Sewer    | Reached XP level 6. HP: 45/45 MP: 7/12
  4797 | Sewer    | Learned a level 4 spell: Olgreb's Toxic Radiance
  5042 | D:5      | Entered Level 5 of the Dungeon
  5165 | D:6      | Identified the +4 ring mail of Fashionability {Rampage}
  5321 | D:6      | Learned a level 2 spell: Blink
  5388 | D:6      | Reached skill level 1 in Translocations
  5392 | D:6      | Reached XP level 7. HP: 44/50 MP: 7/16
  5590 | D:6      | Reached skill level 1 in Conjurations
  5666 | D:6      | Reached skill level 5 in Poison Magic
  6135 | D:5      | Reached skill level 1 in Fighting
  6392 | D:2      | Bought an emerald potion for 21 gold pieces
  6392 | D:2      | Bought a scroll labelled WIONUR FUISE for 24 gold pieces
  6443 | D:3      | Killed Sigmund
  6444 | D:3      | Reached XP level 8. HP: 57/59 MP: 10/18
  6517 | D:4      | Learned a level 4 spell: Airstrike
  6605 | D:5      | Reached skill level 5 in Spellcasting
  6762 | D:5      | Reached skill level 3 in Air Magic
  7426 | D:4      | Reached skill level 4 in Air Magic
  7855 | D:4      | Reached skill level 5 in Air Magic
  8084 | D:7      | Noticed Menkaure
  8401 | D:7      | Reached skill level 6 in Air Magic
  9050 | D:7      | Reached XP level 9. HP: 70/70 MP: 15/20
  9305 | D:7      | Killed Menkaure
  9344 | D:7      | Found Ra's Dragon-Slaying Spoils.
  9865 | D:8      | Noticed an orange demon
  9867 | D:8      | Noticed Amaemon
  9877 | D:8      | Killed an orange demon
  9968 | D:8      | Killed Amaemon
  9969 | D:8      | Reached skill level 5 in Fighting
 10118 | D:8      | Noticed a two-headed ogre
 10156 | D:8      | Killed a two-headed ogre
 10260 | D:8      | Noticed Jeremiah
 10285 | D:8      | Killed Jeremiah
 10378 | D:8      | Got Sif Muna's Collected Works on Gusty Support
 10702 | D:9      | Noticed a two-headed ogre
 10723 | D:8      | Reached XP level 10. HP: 66/86 MP: 6/21
 10725 | D:8      | Killed a two-headed ogre
 10810 | D:9      | Noticed a two-headed ogre
 10928 | D:9      | Noticed an elephant
 10957 | D:9      | Killed an elephant
 11044 | D:9      | Found a staircase to the Lair.
 11112 | D:9      | Identified the +0 leather armour "Emuinede" {rPois}
 11230 | D:9      | Killed a two-headed ogre
 11331 | D:9      | Found Coyce's Jewellery Boutique.
 11517 | D:9      | Noticed a manticore
 11537 | D:9      | Killed a manticore
 11653 | D:9      | Noticed a cyan ugly thing
 11653 | D:9      | Noticed a two-headed ogre
 11654 | D:9      | Noticed a manticore
 11655 | D:9      | Noticed a brown ugly thing
 11671 | D:9      | Reached skill level 7 in Air Magic
 11672 | D:9      | Killed a brown ugly thing
 11673 | D:9      | Killed a two-headed ogre
 11674 | D:9      | Reached XP level 11. HP: 80/94 MP: 9/27
 11680 | D:9      | Reached skill level 8 in Air Magic
 11686 | D:9      | Learned a level 4 spell: Summon Lightning Spire
 11686 | D:9      | Noticed a deep elf pyromancer
 11723 | D:9      | Killed a deep elf pyromancer
 11843 | D:9      | Bought the ring of Happiness {rElec rPois rF+ rC- Slay+3}
                  | for 536 gold pieces
 12014 | D:9      | Noticed a four-headed hydra
 12031 | D:9      | Killed a four-headed hydra
 12120 | D:9      | Noticed an eight-headed hydra
 12216 | D:9      | Killed an eight-headed hydra
 12217 | D:9      | Reached skill level 5 in Summonings
 12496 | D:10     | Entered Level 10 of the Dungeon
 12738 | D:10     | Reached skill level 1 in Ice Magic
 13643 | Lair:1   | Entered Level 1 of the Lair of Beasts
 13723 | Lair:1   | Noticed a skyshark
 13749 | Lair:1   | Killed a skyshark
 13750 | Lair:1   | Reached skill level 5 in Conjurations
 14116 | Lair:1   | Learned a level 5 spell: Freezing Cloud
 14187 | Lair:1   | Reached XP level 12. HP: 82/101 MP: 16/28
 14529 | Lair:1   | Reached skill level 5 in Ice Magic
 14996 | Lair:2   | Noticed a five-headed hydra
 15006 | Lair:2   | Killed a five-headed hydra
 15228 | Lair:2   | Identified the +8 falchion "Killer Bee's Curse" {heavy,
                  | rPois rF+}
 15353 | Lair:2   | Found a staircase to the Shoals.
 15717 | Lair:2   | Upgraded the game from 0.31-a0-1227-g0136665373 to
                  | 0.31-a0-1237-gabc64e778c
 15916 | Lair:3   | Noticed Gastronok
 15946 | Lair:3   | Killed Gastronok
 16241 | Lair:3   | Noticed a seven-headed hydra
 16244 | Lair:3   | Killed a seven-headed hydra
 16633 | Lair:3   | Noticed a six-headed hydra
 16637 | Lair:3   | Noticed Urug
 16639 | Lair:3   | Killed a six-headed hydra
 16644 | Lair:3   | Killed Urug
 16911 | Lair:3   | Reached skill level 1 in Maces & Flails
 16913 | Lair:3   | Reached XP level 13. HP: 91/107 MP: 23/30
 17602 | Lair:3   | Found a hole to the Spider Nest.
 17608 | Lair:3   | Reached skill level 5 in Maces & Flails
 19039 | Lair:4   | Noticed Kirke
 19572 | Lair:4   | Killed Kirke
 19632 | Lair:4   | Found a runed translucent door.
 19632 | Lair:4   | Noticed Coer's ghost (journeyman DgDe)
 20197 | Lair:5   | Entered Level 5 of the Lair of Beasts
 21017 | Lair:5   | Found a staircase to the Slime Pits.
 21674 | Lair:5   | Reached XP level 14. HP: 116/116 MP: 20/31
 21714 | Lair:5   | Reached skill level 9 in Air Magic
 24663 | D:12     | Noticed Jorgrun
 24676 | D:12     | Killed Jorgrun
 24677 | D:12     | Reached skill level 10 in Conjurations
 24677 | D:12     | Reached skill level 10 in Ice Magic
 24677 | D:12     | Reached skill level 10 in Air Magic
 24764 | D:12     | Got the Spellbook of the Syncline and the Blizzard
 24905 | D:12     | Found a staircase to the Orcish Mines.
 25431 | D:12     | Learned a level 5 spell: Arcjolt
 25799 | Orc:1    | Entered Level 1 of the Orcish Mines
 26591 | Orc:2    | Entered Level 2 of the Orcish Mines
 26591 | Orc:2    | Found a staircase to the Elven Halls.
 26596 | Orc:2    | Reached skill level 10 in Fighting
 28423 | Orc:2    | Reached XP level 15. HP: 130/130 MP: 13/32
 29004 | Orc:2    | Found Gurur's Book Boutique.
 29004 | Orc:2    | Found Kereirru's Armour Boutique.
 29005 | Orc:2    | Found Seunn's General Store.
 29005 | Orc:2    | Found Toxteriw's Jewellery Shop.
 29172 | D:13     | Reached skill level 1 in Armour
 29543 | D:13     | Identified the +5 flail of Xulidip {freeze, rPois rC- Will+
                  | Dex+3}
 29546 | D:13     | Found a frozen archway.
 29574 | IceCv    | Entered an ice cave
 29695 | IceCv    | Found a transporter.
 29709 | IceCv    | Found a transporter.
 29755 | IceCv    | Upgraded the game from 0.31-a0-1237-gabc64e778c to
                  | 0.31-a0-1278-g11c5b68f87
 30038 | D:13     | Identified the +0 robe of the Good {Str+3}
 30055 | D:13     | Noticed Frances
 30065 | D:13     | Killed Frances
 30323 | D:13     | Reached skill level 5 in Armour
 31302 | D:14     | Noticed Snorg
 31312 | D:14     | Killed Snorg
 31515 | D:14     | Found a gate leading to a gauntlet.
 31519 | D:14     | Noticed Roxanne
 31524 | Gauntlet | Entered a Gauntlet
 31524 | Gauntlet | Found a transporter.
 31524 | Gauntlet | Found a transporter.
 31530 | Gauntlet | Found a transporter.
 31551 | Gauntlet | Found a transporter.
 31560 | Gauntlet | Found a transporter.
 31560 | Gauntlet | Found a transporter.
 31560 | Gauntlet | Found a transporter.
 31562 | Gauntlet | Found a transporter.
 31562 | Gauntlet | Found a transporter.
 31575 | Gauntlet | Found a transporter.
 31591 | Gauntlet | Found a transporter.
 31598 | Gauntlet | Found a runed translucent door.
 31602 | Gauntlet | Found a transporter.
 31615 | Gauntlet | Found a transporter.
 31635 | Gauntlet | Found a transporter.
 31686 | Gauntlet | Got the Compendium of Solid Bringing Forth
 31835 | Gauntlet | Identified the +2 pair of gloves of Gapoci {Harm Rampage
                  | rF++ Int+2}
 31928 | Gauntlet | Identified the +1 pair of boots of Shielding {rPois Dex+2}
 32049 | Gauntlet | Identified the ring of Fagek {Fly Int+3 Dex+4}
 32609 | D:7      | Bought +0 pearl dragon scales for 1100 gold pieces
 32827 | D:14     | Noticed Azrael
 32837 | D:14     | Killed Azrael
 33071 | D:14     | Reached skill level 1 in Shields
 33354 | D:14     | Found a gate to the Vaults.
 34228 | D:15     | Entered Level 15 of the Dungeon
 34274 | D:15     | Reached skill level 5 in Shields
 34685 | D:15     | Reached skill level 1 in Fire Magic
 34933 | D:15     | Found a staircase to the Depths.
 35632 | Spider:1 | Entered Level 1 of the Spider Nest
 35727 | Spider:1 | Noticed Louise
 35932 | Spider:1 | Reached XP level 16. HP: 139/139 MP: 21/34
 35960 | Spider:1 | Noticed Donald
 36182 | Spider:1 | Reached skill level 10 in Spellcasting
 36687 | Spider:1 | Killed Louise
 37373 | Spider:1 | Killed Donald
 37814 | Spider:2 | Noticed Fogaerej's ghost (adept AtBe)
 37816 | Spider:2 | Found a transporter.
 37855 | Spider:2 | You are sucked into a shaft and drop 1 floor!
 37859 | Spider:2 | Found a transporter.
 37935 | Spider:2 | Noticed Luyduwku's ghost (journeyman FeSh)
 37945 | Spider:2 | Noticed Arachne
 37953 | Spider:2 | Killed Arachne
 37954 | Spider:2 | Reached skill level 5 in Fire Magic
 38250 | Spider:2 | Learned a level 6 spell: Plasma Beam
 38308 | Spider:2 | Identified the +2 flail of the Dwarven Hall {flame, Dex+2}
 39113 | Spider:2 | Found a transporter.
 39202 | Spider:2 | Learned a level 3 spell: Swiftness
 39559 | Spider:3 | Identified the +1 short sword of Enazak {distort, rElec
                  | Will- Dex+2}
 40011 | Spider:3 | Identified the +1 robe of Moral Flaws {Dex+4}
 40293 | Spider:4 | Entered Level 4 of the Spider Nest
 40757 | Spider:2 | Found a transporter.
 41035 | Orc:2    | Bought a ring of see invisible for 210 gold pieces
 41517 | Spider:4 | Reached skill level 5 in Evocations
 41954 | Spider:4 | Reached skill level 11 in Air Magic
 42400 | Spider:4 | Reached XP level 17. HP: 146/146 MP: 27/36
 42663 | Spider:4 | Reached skill level 12 in Air Magic
 43200 | Spider:4 | Got a gossamer rune of Zot
 43209 | Spider:4 | Identified the scarf of the Hunter {shadows, rElec rF+
                  | Dex+2 Stlth+}
 43659 | D:14     | Killed Roxanne
 43843 | Shoals:1 | Entered Level 1 of the Shoals
 43944 | Shoals:1 | Noticed Josephine
 43999 | Shoals:1 | Killed Josephine
 44203 | Shoals:1 | Reached skill level 13 in Air Magic
 45058 | Shoals:2 | Found Zyibronu's Assorted Antiques.
 45443 | Shoals:2 | Identified the serpent talisman "Himam" {rN+ Will++ SInv
                  | Stlth+}
 46164 | Shoals:3 | Reached skill level 14 in Air Magic
 46439 | Shoals:3 | Found Coevy's Weapon Shoppe.
 46473 | Shoals:3 | Found Veoshu's Antique Armour Shoppe.
 47122 | Shoals:3 | Reached skill level 15 in Air Magic
 47579 | Shoals:3 | Reached XP level 18. HP: 154/154 MP: 37/37
 47991 | Shoals:4 | Entered Level 4 of the Shoals
 48568 | Shoals:4 | Got a barnacled rune of Zot
 48724 | Shoals:4 | Reached skill level 10 in Fire Magic
 48724 | Shoals:4 | Reached XP level 19. HP: 125/160 MP: 16/38
 48858 | Shoals:4 | Got the Octavo of Rank Doom
 49094 | Shoals:4 | Found Loufoot's Magic Scroll Emporium.
 49102 | Shoals:4 | Bought a scroll of blinking for 90 gold pieces
 49102 | Shoals:4 | Bought a scroll of fog for 48 gold pieces
 49269 | Shoals:4 | Identified the +7 shortbow "Acarine's Bane" {heavy, rElec
                  | rC- rN+++ Int+3}
 49864 | Elf:1    | Entered Level 1 of the Elven Halls
 51402 | Elf:1    | Got the Parchment of Collective Combat Magic
 51449 | Elf:2    | Found Bocuen's Jewellery Shop.
 51861 | Elf:2    | Found Ypineq's Armour Boutique.
 51863 | Elf:2    | Found Vomob's General Store.
 51866 | Elf:2    | Found Nutryof's General Store.
 51874 | Elf:2    | Bought a wand of light (7) for 294 gold pieces
 51927 | Elf:2    | Reached skill level 16 in Air Magic
 52297 | Elf:2    | Found a huge runed translucent gate.
 52297 | Elf:2    | Found a huge runed translucent gate.
 52297 | Elf:2    | Found a huge runed translucent gate.
 52297 | Elf:2    | Found a huge runed translucent gate.
 52297 | Elf:2    | Found a huge runed translucent gate.
 52421 | Elf:2    | Found a portal to a secret trove of treasure.
 52852 | Vaults:1 | Entered Level 1 of the Vaults
 53178 | Vaults:1 | Noticed Asterion
 53187 | Vaults:1 | Killed Asterion
 53268 | Vaults:1 | Noticed Zenata
 53273 | Vaults:1 | Killed Zenata
 54952 | Vaults:2 | Reached XP level 20. HP: 161/171 MP: 3/41
 57160 | Vaults:2 | Reached skill level 15 in Fighting
 58022 | Vaults:3 | Noticed Cexaud's ghost (adept DjCK)
 58023 | Vaults:3 | Found a large runed translucent door.
 58023 | Vaults:3 | Found a large runed translucent door.
 58023 | Vaults:3 | Noticed Woitib's ghost (adept GrFE)
 58030 | Vaults:3 | Reached skill level 17 in Air Magic
 58310 | Vaults:3 | Got the Disquisition on Ouranomancy
 58999 | Vaults:3 | Found a staircase to the Crypt.
 59436 | Vaults:4 | Found a runed translucent gate.
 59436 | Vaults:4 | Found a runed translucent gate.
 59436 | Vaults:4 | Noticed Konionua's ghost (adept KoEn)
 59437 | Vaults:4 | Found a runed translucent gate.
 59439 | Vaults:4 | Identified the ring "Cuerph" {MP+9 Dex+4}
 59575 | Vaults:4 | Reached skill level 18 in Air Magic
 60114 | Vaults:4 | Reached XP level 21. HP: 149/184 MP: 26/42
 60404 | Orc:2    | Bought the Cyclopedia of Austromancy for 532 gold pieces
 60413 | Orc:2    | Learned a level 8 spell: Maxwell's Capacitive Coupling
 60787 | Vaults:4 | Reached skill level 19 in Air Magic
 61479 | Vaults:4 | Killed Konionua's ghost
 61536 | Vaults:4 | Identified the +0 pair of boots "Omon" {Str-4 Int+3}
 61815 | Elf:3    | Entered Level 3 of the Elven Halls
 62208 | Elf:3    | Paralysed by an air elemental for 1 turns
 62210 | Elf:3    | Paralysed by an air elemental for 1 turns
 62213 | Elf:3    | Paralysed by an air elemental for 1 turns
 62217 | Elf:3    | Paralysed by an air elemental for 1 turns
 62219 | Elf:3    | Paralysed by an air elemental for 1 turns
 62226 | Elf:3    | Paralysed by an air elemental for 1 turns
 62235 | Elf:2    | Paralysed by an air elemental for 1 turns
 62647 | Elf:3    | Reached skill level 20 in Air Magic
 63053 | Abyss:2  | Cast into level 2 of the Abyss (+2 mace of distortion)
 63087 | Elf:3    | Escaped the Abyss
 64055 | Elf:3    | Identified the +6 mace of Bellicose Absolution {speed,
                  | Will- Dex+2 Stlth+}
 64068 | Elf:3    | Identified the +3 falchion "Puos" {heavy, rElec rF- Int+2}
 64071 | Elf:3    | Identified the staff of the Twelve Xeniums {+Blink Conj}
 64360 | D:14     | Upgraded the game from 0.31-a0-1278-g11c5b68f87 to
                  | 0.31-a0-1308-ga3cce3a448
 64408 | Depths:1 | Entered Level 1 of the Depths
 64450 | Depths:1 | Found a flickering gateway to a bazaar.
 64469 | Bazaar   | Entered a bazaar
 64469 | Bazaar   | Found Jepett's General Store.
 64469 | Bazaar   | Found Ipse's Weapon Emporium.
 64472 | Bazaar   | Found Lioplino's Book Shoppe.
 64586 | Bazaar   | Found Gyissan's Magic Scroll Emporium.
 64608 | Bazaar   | Bought a manual of Armour for 1040 gold pieces
 64608 | Bazaar   | Bought the Unrestrained Analects for 598 gold pieces
 64622 | Bazaar   | Bought a scroll of revelation for 142 gold pieces
 64800 | Depths:1 | Identified the serpent talisman of Okawaru's Grace {rN+
                  | rCorr Str+3 Int+4}
 64800 | Depths:1 | Noticed Aizul
 64807 | Depths:1 | Killed Aizul
 64963 | Depths:1 | Reached skill level 10 in Armour
 65187 | Depths:1 | Found a one-way gateway to a ziggurat.
 65410 | Depths:1 | Found a gateway to Hell.
 65413 | Depths:1 | You fall into a shaft and drop 1 floor!
 65414 | Depths:2 | Noticed a caustic shrike
 65420 | Depths:2 | Killed a caustic shrike
 65434 | Depths:2 | Noticed a caustic shrike
 65439 | Depths:2 | Killed a caustic shrike
 66262 | Depths:2 | Reached XP level 22. HP: 192/192 MP: 2/43
 67027 | Depths:1 | Got the Secrets of the Swarm and Austromancy
 67418 | Depths:2 | Found a one-way gate leading to the halls of Pandemonium.
 67497 | Depths:2 | Noticed Grunn
 67713 | Depths:2 | Reached skill level 10 in Dodging
 68000 | Depths:2 | Killed Grunn
 68159 | Depths:2 | Identified the staff of Bile {Conj Fire}
 68709 | Depths:3 | Noticed Margery
 69041 | Depths:3 | Killed Margery
 69114 | Depths:3 | Reached skill level 21 in Air Magic
 69351 | Depths:3 | Found a one-way gate to the infinite horrors of the Abyss.
 69575 | Depths:3 | Noticed a juggernaut
 69584 | Depths:3 | Killed a juggernaut
 70214 | Depths:3 | Reached skill level 22 in Air Magic
 70419 | Depths:3 | Identified the +7 whip "Kywian" {freeze, rF+ SInv}
 70420 | Depths:3 | Identified the +0 robe of Sloth {-Cast rN++}
 70422 | Depths:3 | Identified the amulet "Pollacse" {Spirit rPois rF+++ Will-
                  | SInv}
 70722 | Depths:3 | Noticed a caustic shrike
 70726 | Depths:3 | Killed a caustic shrike
 71553 | Depths:4 | Entered Level 4 of the Depths
 71659 | Depths:4 | Found Unarrec's Book Emporium.
 71687 | Depths:4 | Found a flickering gateway to a bazaar.
 71701 | Bazaar   | Entered a bazaar
 71701 | Bazaar   | Found Zeshril's General Store.
 71701 | Bazaar   | Found Fuitwoz's Antique Weapon Shop.
 71720 | Bazaar   | Bought a scroll of enchant armour for 82 gold pieces
 71720 | Bazaar   | Bought a scroll of amnesia for 44 gold pieces
 71737 | Bazaar   | Found Zoegg's Antique Armour Shop.
 71876 | Depths:4 | Reached XP level 23. HP: 199/199 MP: 38/44
 71943 | Depths:4 | Found Mumnuang's Jewellery Boutique.
 72560 | Depths:3 | Mangled by a spriggan berserker

Illustrated notes

Levels and vault maps discovered:
D:1:      minmay_arrival_five_plusses, layout_rooms
D:2:      layout_rooms, serial_shops, shop, amcnicky_mini_corridor_feature,
          minmay_cupped
D:3:      layout_rooms, chequers_temple_overflow_minitemple, elyvilon_altar_1,
          saegor_snake_ambush, uniq_sigmund
D:4:      layout_rooms, lemuel_doored_altar, minmay_temple_entry_from_below_a,
          st_stairs_6
D:5:      layout_basic
D:6:      layout_gridville, cheibrodos_sewer_entry_sluice
D:7:      layout_layer_cave, mainiacjoe_overflow_alcove_4,
          nicolae_shop_dragon_depot, minivault_24, minmay_holes, uniq_menkaure
D:8:      layout_rooms, kennysheep_little_box, lemuel_round_altar,
          corner_web_ring, uniq_jeremiah, uniq_amaemon
D:9:      hangedman_cross_veins, layout_gridville,
          grunt_lair_entry_orc_guard_hut, serial_shops, kennysheep_mini,
          nicolae_fountain_basement
D:10:     layout_loops_ring, hangedman_abyss_or_decor_stabs,
          hangedman_tell_no_tales
D:11:     nicolae_cairo_tiling_very_big, layout_basic
D:12:     layout_basic, minmay_orc_entry_guard_dogs, uniq_jorgrun
D:13:     layout_stronghold, portal_ice_cave_entry_imps, due_unseen_surprise,
          uniq_frances
D:14:     layout_basic, grunt_vaults_entry_fortified, cheibriados_altar_1,
          serial_curves, eino_curves_01, eino_curves_04, gauntlet_entry_generic,
          uniq_azrael, uniq_snorg, uniq_roxanne
D:15:     hangedman_depths_entry_try_elsewhere_first, layout_gridville,
          nicolae_uskayaw_murder_on_the_dancefloor
Lair:1:   layout_cave_pods, mumra_transporter_accident
Lair:2:   layout_misc_corridors, minmay_shoals_entry_beasts,
          infiniplex_staircase_pool, grunt_megastairs_5
Lair:3:   kb_forest_paths, layout_layer_cave,
          nicolae_spider_entry_lesser_pyramids, uniq_urug, uniq_gastronok
Lair:4:   layout_layer_cave, ebering_ghost_xom, grunt_megastairs_4, uniq_kirke
Lair:5:   wormcave, layout_gridlike, dpeg_slime_entry_enclosed, special_room
          [special_room_mythical_zoo], lemuel_fruit_tree, grunt_megastairs_2,
          serial_bayou_shore_b, uniq_sonja
Shoals:1: layout_shoals, uniq_josephine
Shoals:2: layout_shoals, serial_shops, nicolae_shop_competitors_out_of_business
Shoals:3: nicolae_shoals_lighthouse, layout_shoals, serial_shops,
          nicolae_shop_temple_entry_statues_fountains, nicolae_shop_dealshenge,
          nicolae_shoals_songs
Shoals:4: shoals_end_simple, layout_shoals, serial_shops, nicolae_diamond_shop
Spider:1: layout_chambers, uniq_louise, uniq_donald
Spider:2: layout_spider_delve, nzn_ghost_randoct, hangedman_spider_trapstep,
          uniq_arachne
Spider:3: layout_spider_delve
Spider:4: grunt_spider_rune_circles
Orc:1:    layout_caves, serial_shops, lightli_church_of_beogh
Orc:2:    st_orc_pillars, layout_diamond_mine
Elf:1:    eino_elf_arrival_shootout, layout_loops_corners, basic_altar,
          minmay_elf_sorcery, grunt_ministairs_11
Elf:2:    elven_hall_of_blades_hangedman_alternative [nicolae_blade_bullseye],
          layout_loops_corners, serial_shops, nicolae_shop_hallway_plus,
          enter_trove_5, minmay_shop_star
Elf:3:    grunt_elf_hall_asides, layout_loops_ring, hangedman_elf_simple_split,
          grunt_megastairs_1
Vaults:1: nicolae_vaults_network_periphery, grunt_vaults_hallway_long,
          nicolae_vaults_six-pack, nicolae_vaults_mitosis,
          nicolae_vaults_border_crossing, vaults_room_guarded_vault,
          dpeg_vaults_monster_box, layout_vaults_omnigrid, uniq_zenata,
          uniq_asterion
Vaults:2: grunt_vaults_diagonal, nicolae_vaults_two_Ls,
          nicolae_vaults_what_the_h, hangedman_vaults_snaps,
          nicolae_vaults_storage_closets_1, vaults_standard_mumra_x, v_misc_9,
          ontoclasm_vaults_spin, hangedman_vaults_corner_blocks,
          ontoclasm_vaults_ring_large, vaults_dpeg_encased_lava,
          nicolae_vaults_security_offices_1, nicolae_vaults_trapezoid_4,
          ontoclasm_vaults_ring_square, ontoclasm_vaults_bender,
          layout_vaults_omnibox
Vaults:3: advil_vaults_ghost_guards, vaults_dpeg_cross,
          nicolae_vaults_stand_back, v_rooms_6, vaults_room_hallway,
          nicolae_vaults_wrenched, hangedman_vaults_variations,
          minmay_crypt_entry_simple_plaza, hangedman_vaults_impose,
          nicolae_vaults_asterisk, nicolae_vaults_double_plus_2,
          layout_vaults_omnicross
Vaults:4: gammafunk_ghost_tricky_traps, nicolae_vaults_little_squares_6,
          hangedman_vaults_stagger, v_misc_19,
          vaults_room_grunt_arrival_checkpoint, v_misc_22,
          nicolae_vaults_surprise_closet, nicolae_vaults_trapezoid_layered,
          hangedman_vaults_stream, nicolae_vaults_sightless_eye, v_pattern_1,
          serial_library_regret_index_small_wings, layout_vaults_ring
Depths:1: layout_cross, enter_ziggurat_b, serial_shops, freezing_bzr,
          hellmouth_3, serial_column_ruins, column_ruins_portal_squares,
          column_ruins_grid_3, column_ruins_columns_corner,
          column_ruins_columns_straight, column_ruins_grid_1,
          column_ruins_grid_1, nicolae_dithmenos_the_darkroom, minmay_librarian,
          uniq_aizul
Depths:2: mu_elephants_graveyard, layout_basic, grunt_decor_junction,
          hell_entry, pan_entry, hangedman_aviary,
          infiniplex_staircase_pool_lava, uniq_grunn
Depths:3: little_maze_vault, layout_cave_shapes, abyss_entry, hell_entry,
          kennysheep_decorative_pillar, nzn_random_ring, uniq_margery
Depths:4: evilmike_zot_entry_castle, layout_basic, serial_shops,
          bzr_entry_lakeside, shop, shop, shop, hellmouth_1, mu_enter_wizlab_6,
          old_standard_altar

Skill      XL: |  1  2  3  4  5  6  7  8  9 10 11 12 13 14 15 16 17 18 19 20 21 22 |
---------------+-------------------------------------------------------------------+-----
Stealth        | 2 3 4 |  4.0
Air Magic      | 1 2 6 7 8 10 11 15 16 18 20 22 | 22.0
Poison Magic   | 4 6 |  6.0
Spellcasting   | 2 4 5 8 9 10 12 | 12.0
Translocations | 1 2 |  2.0
Conjurations   | 2 6 8 10 12 | 12.1
Fighting       | 1 3 7 8 11 12 13 15 | 15.8
Evocations     | 4 6 8 |  8.0
Summonings     | 6 |  6.0
Ice Magic      | 3 8 10 | 10.0
Maces & Flails | 2 8 |  8.0
Armour         | 7 9 14 | 14.7
Shields        | 6 |  6.0
Fire Magic     | 1 8 10 | 10.0
Dodging        | 4 6 8 10 | 10.7
Transmutations | |  0.8

Action                     |  1- 3 |  4- 6 |  7- 9 | 10-12 | 13-15 | 16-18 | 19-21 | 22-24 || total
---------------------------+-------+-------+-------+-------+-------+-------+-------+-------++-------
  Melee: Short sword       |     9 |       |       |       |       |       |       |       ||     9
         War axe           |     1 |       |       |       |       |       |       |       ||     1
         Unarmed           |     1 |       |       |       |       |       |       |       ||     1
         Dagger            |     9 |    63 |   106 |       |       |       |       |       ||   178
         Punch             |       |     3 |       |       |       |       |       |       ||     3
         Demon whip        |       |       |    26 |   175 |    79 |     1 |       |       ||   281
         Staff             |       |       |       |       |    45 |    22 |    20 |     9 ||    96
         Eveningstar       |       |       |       |       |    13 |     5 |     4 |       ||    22
  Throw: Dart              |       |     2 |       |       |       |       |       |       ||     2
   Cast: Sting             |    90 |    35 |    31 |       |       |       |       |       ||   156
         Poisonous Vapours |    15 |    54 |    43 |    48 |    35 |       |       |       ||   195
         Mephitic Cloud    |       |     3 |     9 |    22 |    21 |     1 |       |       ||    56
         Olgreb's Toxic Ra |       |     4 |    20 |    71 |   203 |   170 |    39 |    16 ||   523
         Blink             |       |       |     3 |     1 |     7 |     6 |     4 |     2 ||    23
         Airstrike         |       |       |    19 |    41 |    83 |    32 |    45 |       ||   220
         Summon Lightning  |       |       |       |    33 |    93 |    40 |     7 |       ||   173
         Freezing Cloud    |       |       |       |    18 |   177 |   143 |    39 |    19 ||   396
         Arcjolt           |       |       |       |       |    64 |   103 |   104 |    33 ||   304
         Plasma Beam       |       |       |       |       |       |   101 |   394 |   119 ||   614
         Swiftness         |       |       |       |       |       |     1 |     1 |       ||     2
         Maxwell's Capacit |       |       |       |       |       |       |    47 |    55 ||   102
  Evoke: Wand              |       |       |     2 |       |     1 |     1 |    10 |     8 ||    22
         Box of beasts     |       |       |       |       |     1 |       |     1 |       ||     2
         Phial of floods   |       |       |       |       |       |       |     1 |       ||     1
         Condenser vane    |       |       |       |       |       |       |     2 |       ||     2
         Phantom mirror    |       |       |       |       |       |       |     1 |       ||     1
    Use: Scroll            |       |     5 |     3 |    11 |    14 |    12 |    12 |     7 ||    64
         Potion            |       |       |       |       |     5 |     1 |       |     5 ||    11
   Stab: Sleeping          |       |     1 |     5 |       |       |       |       |       ||     6
         Confused          |       |       |     2 |     5 |     4 |       |       |       ||    11
         Distracted        |       |       |       |     2 |     1 |       |       |       ||     3
         Invisible         |       |       |       |       |     2 |       |       |       ||     2
 Armour: Robe              |    36 |    61 |    97 |   211 |   302 |       |       |       ||   707
         Leather armour    |       |       |       |    29 |       |       |       |       ||    29
         Troll leather arm |       |       |       |       |    21 |    84 |       |       ||   105
         Pearl dragon scal |       |       |       |       |       |   204 |   341 |   162 ||   707
  Dodge: Dodged            |    52 |    56 |    80 |   159 |   141 |   124 |   132 |    65 ||   809
  Block: Buckler           |       |       |       |       |    11 |    94 |    92 |    49 ||   246

Table legend: (Time is in decaauts)
 A = Elapsed time spent in this place.
 B = Non-inter-level travel time spent in this place.
 C = Inter-level travel time spent in this place.
 D = Time resting spent in this place.
 E = Time spent auto-exploring this place.
 F = Levels seen in this place.
 G = Mean time per level.
                   A        B        C        D        E       F      G
               +--------+--------+--------+--------+--------+-----+--------+
         Total |  72997 |  66725 |   6272 |  10258 |  43593 |  48 | 1520.8 |
       Dungeon |  21888 |  19276 |   2612 |   2120 |  13485 |  15 | 1459.2 |
          Lair |  10478 |   9609 |    869 |   1243 |   6728 |   5 | 2095.6 |
        Shoals |   5786 |   5367 |    419 |   1201 |   3313 |   4 | 1446.5 |
   Spider Nest |   7203 |   6693 |    510 |   1299 |   4048 |   4 | 1800.8 |
  Orcish Mines |   3904 |   3322 |    582 |    692 |   1964 |   2 | 1952.0 |
   Elven Halls |   5125 |   4770 |    355 |    798 |   3177 |   3 | 1708.3 |
        Vaults |   8446 |   7941 |    505 |    648 |   6167 |   4 | 2111.5 |
        Depths |   7576 |   7159 |    417 |   1881 |   3501 |   4 | 1894.0 |
         Abyss |     33 |     33 |      0 |      0 |      0 |   2 |   16.5 |
        Bazaar |    226 |    226 |      0 |      0 |    122 |   2 |  113.0 |
         Sewer |   1459 |   1459 |      0 |    109 |    892 |   1 | 1459.0 |
      Ice Cave |    193 |    193 |      0 |    106 |      0 |   1 |  193.0 |
      Gauntlet |    674 |    674 |      0 |    161 |    194 |   1 |  674.0 |
               +--------+--------+--------+--------+--------+-----+--------+

Top non-repeatable levels by time:
Depths:2: 2949 daAuts
  Lair:3: 2868 daAuts
  Lair:5: 2824 daAuts
Vaults:2: 2720 daAuts
   Orc:2: 2664 daAuts
Depths:3: 2599 daAuts
    D:14: 2388 daAuts
Vaults:1: 2246 daAuts
  Lair:4: 2183 daAuts
Spider:1: 2074 daAuts
    D:13: 1999 daAuts
Shoals:3: 1968 daAuts
     D:7: 1948 daAuts
Spider:2: 1885 daAuts
    D:12: 1836 daAuts
